 Dungeon Crawl Stone Soup version bcrawl-1.12-10-g10a67aac0f (webtiles) character file.

Game seed: 5933376309425460342

22096 Engwar the Demolition Oni (level 12, -6/89 HPs)
             Began as an Oni Wizard on June 17, 2019.
             Was an Elder of Makhleb.
             Mangled by a cane toad (14 damage)
             ... on level 3 of the Lair of Beasts on June 18, 2019.
             The game lasted 01:37:55 (19574 turns).

Engwar the Demolition Oni (Oni Wizard)             Turns: 19574, Time: 01:37:55

Health: -6/89      AC: 14    Str: 11    XL:     12   Next: 96%
Magic:  4/29       EV: 10    Int: 27    God:    Makhleb [****..]
Gold:   555        SH:  0    Dex: 11    Spells: 10/34 levels left

rFire    . . .     SeeInvis .   a - +4 dagger "Poggipof" {protect, +Fly MR+}
rCold    . . .     Gourm    .   (no shield)
rNeg     . . .     Faith    .   t - +3 ring mail of the Heron {Int+4}
rPois    +         Spirit   .   e - +1 hat
rElec    .         Reflect  .   O - scarf {repulsion}
rCorr    .         Harm     .   S - +1 pair of gloves
MR       +....                  I - +1 pair of boots
Stlth    ++........             (no amulet)
HPRegen  0.24/turn              i - ring of stealth
MPRegen  0.21/turn              k - ring of poison resistance

@: repel missiles
A: oni magic, claws 1, fangs 1, horns 1
a: Minor Destruction, Lesser Servant of Makhleb, Major Destruction, Renounce
Religion, Evoke Flight


You were on level 3 of the Lair of Beasts.
You worshipped Makhleb.
Makhleb was greatly pleased with you.
You were very hungry.

You visited 3 branches of the dungeon, and saw 16 of its levels.

You collected 919 gold pieces.
You spent 364 gold pieces at shops.

Inventory:

Hand Weapons
 a - the +4 dagger "Poggipof" (weapon) {protect, +Fly MR+}
   (You took it off an orc wizard on level 4 of the Dungeon)

   It grants its wielder temporary protection when it strikes (+7 to AC).
   It affects your resistance to hostile enchantments.
   It lets you fly.
 b - a +0 hunting sling
 g - a +3 dagger of electrocution
 p - the cursed +1 trident "Qyif" {flame, rN++}
   (You found it on level 7 of the Dungeon)

   It has been specially enchanted to burn those struck by it, causing extra
   injury to most foes and up to half again as much damage against particularly
   susceptible opponents.
   It greatly protects you from negative energy.
   It has a curse placed upon it.
 w - the +9 spear of Wiatoy {vamp, rC+}
   (You found it on level 6 of the Dungeon)

   It inflicts no extra harm, but heals its wielder when it wounds a living foe.
   It protects you from cold.
 G - a +2 dagger of venom
 H - a +0 scimitar of flaming
Missiles
 c - 496 sling bullets
 K - 3 throwing nets (quivered) {!f}
Armour
 e - a +1 hat (worn)
 t - the +3 ring mail of the Heron (worn) {Int+4}
   (You found it on level 5 of the Dungeon)

   It affects your intelligence (+4).
 F - a +2 robe of positive energy
 I - a +1 pair of boots (worn)
 O - a scarf of repulsion (worn)
 S - a +1 pair of gloves (worn)
Jewellery
 i - a ring of stealth (left hand)
 k - a ring of poison resistance (right hand)
 n - an uncursed ring of fire
 M - a +5 ring of protection
 T - an uncursed amulet of regeneration {unknown}
 W - an uncursed amulet of guardian spirit
 Y - an uncursed amulet of the gourmand {unknown}
Wands
 l - a wand of polymorph (7)
 u - a wand of random effects (13)
 v - a wand of acid (26)
 x - a wand of digging (7)
 E - a wand of iceblast (4)
 J - a wand of paralysis (9)
 L - a wand of clouds (10)
 V - a wand of disintegration (13)
Scrolls
 f - a scroll of enchant armour
 m - a scroll of teleportation
 o - 11 scrolls of remove curse
 r - a scroll of magic mapping
 y - 5 scrolls of identify
 z - 7 scrolls of fog
 D - a scroll of noise {unknown}
 P - a scroll of immolation
 U - a scroll of blinking {unknown}
 X - a scroll of brand weapon {unknown}
 Z - a scroll of vulnerability {unknown}
Potions
 h - 2 potions of flight
 j - 2 potions of might
 q - 3 potions of haste
 s - 2 potions of lignification
 A - 2 potions of ambrosia
 B - 4 potions of curing
 C - a potion of brilliance
 N - a potion of cancellation
 Q - 2 potions of invisibility
Miscellaneous
 R - a fan of gales
Comestibles
 d - 13 rations {!d}


   Skills:
 - Level 3.1 Fighting
 + Level 6.3 Armour
 - Level 1.7 Dodging
 - Level 1.7 Stealth
 + Level 11.5 Spellcasting
 - Level 13.5 Invocations


You had 10 spell levels left.
You knew the following spells:

 Your Spells              Type           Power        Failure   Level  Hunger
a - Magic Dart            Conj           ####         1%          1    None
b - Slow                  Hex            ######..     1%          1    None
c - Blink                 Tloc           N/A          1%          2    None
d - Call Imp              Summ           ######..     1%          2    None
e - Blink Other           Tloc           ######       1%          1    None
f - Shackle               Hex            ######..     1%          2    None
g - Mephitic Cloud        Conj/Pois/Air  ######..     1%          3    None
h - Conjure Flame         Conj/Fire      ######..     1%          3    None
i - Olgreb's Toxic Radia  Pois           ######..     1%          4    None
j - Summon Demon          Summ           ######....   1%          5    ###....

Your spell library contained the following spells:

 Spells                   Type           Power        Failure   Level  Hunger
 Song of Slaying          Chrm           ######..     1%          2    None
 Lesser Beckoning         Tloc           ######....   1%          3    None


Dungeon Overview and Level Annotations

Branches:
Dungeon (12/12)            Temple (1/1) D:6            Lair (3/6) D:10
 Shoals (0/3) Lair:2        Snake (0/3) Lair:2          Orc (0/1) D:9
 Vaults (0/3) D:11
 Depths: D:12

Altars:
Ashenzari
Gozag
Makhleb
Nemelex Xobeh
Okawaru
Trog
Wu Jian
Zin

Shops:
D:5 **   D:6 %%}(   D:7 *:}*[

Annotations:
D:4 Pikel
D:5 3 runed translucent doors, Banto's ghost, novice OpTm
D:6 1 runed translucent door, CALLOUS's ghost, novice GnRg
D:10 exclusion: acid dragon, Fannar
D:11 4 runed doors


Innate Abilities, Weirdness & Mutations

You learn spells by gaining experience, not through books or religion.
You only train spellcasting to practice magic.
You have sharp fingernails.
You have very sharp teeth.
You have a pair of small horns on your head.


Message History

You bite the cane toad, but do no damage.
The cane toad is almost dead.
The yak gores you.
The cane toad is engulfed in seething chaos.
The cane toad hits you!
Casting: Summon Demon (safe; 1% risk of failure)
Confirm with . or Enter, or press ? or * to list all spells.
You open a gate to Pandemonium!
A demon appears!
The cane toad is engulfed in seething chaos.
The cane toad flickers and vanishes!
Deactivating autopickup; reactivate with Ctrl-A.
Something hits you! The yak gores you but does no damage.
You closely miss something. Something hits you.
* * * LOW HITPOINT WARNING * * *
You closely miss something. You headbutt something. Something hits you!
* * * LOW HITPOINT WARNING * * *
The yak gores you.
* * * LOW HITPOINT WARNING * * *
Something hits you!
You die...

**,,*****,,................#***,
*,,* *,,*#........†..P#*,** *,
**,,****,,,***#.....†..#*,,,* **
**,,,*,*,.,,* ###....†.#***** *
**,,,,,,,..,* ##..#####
,,,,,,,,*...#####<.##
**,,,,***......#..## ***,,*
*#.....Y.## *** *,,,***#.....4@#
*,, ****,,,,.#......#***** *,,
*,,,,,,,....#....,,,,* *8,
*,,,,,,,...####...,,** *******,,
****,,,,.##* *...#.*,***,,,,**,,
***,,,,,,,,****......***,,**,****
,*,,**,,,,,,,**#...,.#*,,,,,*,*,,
,,,,,**,,,,,,,,....#,.,**,,,,,,*,
,*,,,,,,,,*,,,,,*,,,,+,,,,,,,,,,,


You could see a yak and a friendly orange demon.

Vanquished Creatures
  Harold (D:8)
  Erica (D:8)
  5 two-headed ogres
  A cyclops (D:12)
  A deep elf mage (D:11)
  An orb spider (shapeshifter) (D:11)
  An elephant (D:10)
  A rime drake (D:11)
  2 centaur skeletons (D:12)
  3 trolls
  A blink frog (Lair:1)
  A slime creature (D:11)
  A hornet (D:11)
  3 hippogriffs
  A redback (shapeshifter) (D:11)
  2 wyverns (D:9)
  Sigmund (D:6)
  2 shadows
  8 yaks
  A wraith (D:8)
  A golden eye (shapeshifter) (D:9)
  2 basilisks
  2 humans (D:8)
  3 soldier ants (D:11)
  A naga (Lair:2)
  4 water moccasins
  A porcupine (Lair:1)
  2 sky beasts
  A black bear (D:6)
  2 ice beasts
  An orc warrior (D:9)
  3 slaves (D:3)
  An eye of draining (D:12)
  A hornet zombie (D:12)
  A phantom (D:5)
  7 ogres
  A necrophage (D:10)
  6 centaurs
  3 crocodiles
  3 big kobolds
  Blork the orc (D:6)
  9 bullfrogs
  6 scorpions
  17 killer bees
  2 howler monkeys (D:9)
  4 crimson imps
  A quasit (D:8)
  2 hounds
  2 centaur zombies
  A gnoll shaman (D:7)
  4 orc priests
  2 bullfrog skeletons
  2 jellies
  7 orc wizards
  3 iguanas
  11 worker ants
  2 hound zombies
  A worker ant zombie (D:6)
  9 gnolls
  2 howler monkey skeletons
  8 adders
  4 shadow imps
  An ooze (D:1)
  An adder skeleton (D:5)
  3 worms
  A dart slug (D:2)
  3 leopard geckos
  19 orcs
  2 ball pythons
  5 bats
  2 giant cockroaches
  3 goblins
  8 hobgoblins
  9 jackals
  3 frilled lizards
  22 kobolds
  A quokka skeleton (D:5)
  4 rats
271 creatures vanquished.

Vanquished Creatures (collateral kills)
  A centaur warrior (D:12)
  A shadow wraith (D:11)
  A merfolk siren (Lair:2)
  A guardian serpent (shapeshifter) (D:11)
  2 cane toads (Lair:1)
  3 komodo dragons
  A rime drake (D:11)
  4 blink frogs (Lair:1)
  8 slime creatures
  A yak (Lair:3)
  2 nagas (Lair:2)
  A water moccasin (Lair:3)
  A bullfrog (Lair:2)
  A scorpion (D:6)
  2 worker ants (D:11)
  A worm (D:2)
  2 jackals
33 creatures vanquished.

Vanquished Creatures (others)
  A jackal (D:6)
1 creature vanquished.

Grand Total: 305 creatures vanquished

Notes
Turn   | Place    | Note
-------+----------+-------------------------------------------
     0 | D:1      | Engwar the Oni Wizard began the quest for the Orb.
     0 | D:1      | Reached XP level 1. HP: 14/14 MP: 5/5
     2 | D:1      | Learned a level 1 spell: Slow
   236 | D:1      | Reached XP level 2. HP: 17/20 MP: 0/7
   240 | D:1      | Learned a level 2 spell: Blink
   243 | D:1      | Learned a level 2 spell: Call Imp
   668 | D:1      | Reached XP level 3. HP: 24/26 MP: 0/9
   671 | D:1      | Learned a level 1 spell: Blink Other
  1623 | D:2      | Reached XP level 4. HP: 33/33 MP: 2/11
  1627 | D:2      | Learned a level 2 spell: Shackle
  2649 | D:3      | Reached XP level 5. HP: 38/38 MP: 2/13
  2654 | D:3      | Learned a level 3 spell: Mephitic Cloud
  3250 | D:4      | Noticed Pikel
  3250 | D:4      | Noticed a slave
  3250 | D:4      | Noticed a slave
  3250 | D:4      | Noticed a slave
  3250 | D:4      | Noticed a slave
  3273 | D:3      | Killed a slave
  3422 | D:3      | Killed a slave
  3783 | D:4      | Noticed an ogre
  3793 | D:4      | Killed an ogre
  3793 | D:4      | Reached XP level 6. HP: 45/45 MP: 4/15
  3983 | D:4      | Reached skill level 5 in Spellcasting
  4055 | D:4      | Identified the +4 dagger "Poggipof" {protect, +Fly MR+}
  4295 | D:4      | Noticed an orc warrior
  4295 | D:4      | Noticed an ice beast
  4299 | D:4      | HP: 2/45 [orc warrior/+0 halberd (17)]
  4326 | D:3      | Killed a slave
  4545 | D:4      | Noticed a phantom
  4555 | D:4      | Reached XP level 7. HP: 50/50 MP: 9/17
  5517 | D:5      | Entered Level 5 of the Dungeon
  5545 | D:5      | Found Qimod's General Store.
  5613 | D:5      | Noticed Banto's ghost (novice OpTm)
  5629 | D:5      | Bought a scroll of teleportation for 39 gold pieces
  5671 | D:5      | Got a slimy ring mail
  5682 | D:5      | Identified the +3 ring mail of the Heron {Int+4} (You found
                  | it on level 5 of the Dungeon)
  5703 | D:5      | Found a runed translucent gate.
  5703 | D:5      | Found a runed translucent gate.
  5704 | D:5      | Found a runed translucent gate.
  5762 | D:5      | Reached skill level 1 in Armour
  5902 | D:5      | Noticed a two-headed ogre
  6068 | D:6      | Found a staircase to the Ecumenical Temple.
  6068 | D:6      | Noticed Sigmund
  6171 | D:5      | Reached XP level 8. HP: 57/57 MP: 7/19
  6556 | D:5      | Killed a two-headed ogre
  6556 | D:5      | Reached XP level 9. HP: 62/62 MP: 1/21
  6561 | D:5      | Learned a level 3 spell: Conjure Flame
  6726 | D:5      | Found a glowing silver altar of Zin.
  6971 | D:5      | Found Mitsoet's Serpentskin Sales.
  6985 | D:5      | Reached skill level 1 in Fighting
  7180 | D:6      | Found Nebant's Food Shop.
  7180 | D:6      | Found Beijymm's Gadget Shop.
  7184 | D:6      | Noticed Blork the orc
  7202 | D:6      | Killed Blork the orc
  7246 | D:6      | Found Tymuv's Antique Weapon Shop.
  7379 | D:6      | Found a shattered altar of Ashenzari.
  7559 | D:6      | Killed Sigmund
  7868 | Temple   | Entered the Ecumenical Temple
  7881 | Temple   | Became a worshipper of Makhleb the Destroyer
  7941 | D:6      | Reached skill level 1 in Invocations
  8089 | D:6      | Reached skill level 2 in Invocations
  8163 | D:6      | Found Ceyrhos's Food Shoppe.
  8223 | D:6      | Noticed a freezing wraith
  8320 | D:6      | Got a dazzling spear
  8378 | D:6      | Noticed CALLOUS's ghost (novice GnRg)
  8379 | D:6      | Found a runed translucent door.
  8383 | D:6      | Identified the +9 spear of Wiatoy {vamp, rC+} (You found it
                  | on level 6 of the Dungeon)
  8482 | D:6      | Reached skill level 3 in Invocations
  8679 | D:6      | Reached skill level 4 in Invocations
  8830 | D:7      | Found Ryckaic's Assorted Antiques.
  8885 | D:5      | Bought an uncursed ring of poison resistance for 260 gold
                  | pieces
  8885 | D:5      | Bought a scroll of fog for 26 gold pieces
  9076 | D:7      | Got a pitted chain mail
  9077 | D:7      | Identified the +5 chain mail "Buneur" {rF+ MR- Str+4} (You
                  | found it on level 7 of the Dungeon)
  9083 | D:7      | Found Zughisk's Book Emporium.
  9083 | D:7      | Found Qifoc's General Store.
  9085 | D:7      | Found Dud Hoa's Antique Armour Emporium.
  9086 | D:7      | Found Kerum's Gadget Emporium.
  9107 | D:7      | Bought a potion of curing for 39 gold pieces
  9161 | D:7      | Reached skill level 5 in Invocations
  9178 | D:7      | Reached XP level 10. HP: 77/77 MP: 15/24
  9188 | D:7      | Reached * piety under Makhleb
  9199 | D:7      | Learned a level 4 spell: Olgreb's Toxic Radiance
  9387 | D:7      | Got a dazzling trident
  9388 | D:7      | Identified the cursed +1 trident "Qyif" {flame, rN++} (You
                  | found it on level 7 of the Dungeon)
  9585 | D:7      | Reached skill level 6 in Invocations
  9885 | D:8      | Found a sparkling altar of Nemelex Xobeh.
  9897 | D:8      | Noticed Erica
  9994 | D:8      | Noticed Harold
 10005 | D:8      | Found an iron altar of Okawaru.
 10428 | D:8      | Reached skill level 7 in Invocations
 10501 | D:8      | Killed Erica
 10682 | D:8      | Reached skill level 8 in Invocations
 10811 | D:8      | Killed Harold
 11012 | D:8      | Reached skill level 9 in Invocations
 11170 | D:8      | Reached ** piety under Makhleb
 11268 | D:8      | Reached XP level 11. HP: 82/82 MP: 7/26
 11960 | D:9      | Reached skill level 10 in Invocations
 12311 | D:9      | Found a staircase to the Orcish Mines.
 12677 | D:10     | Entered Level 10 of the Dungeon
 12765 | D:10     | Noticed a two-headed ogre
 12826 | D:10     | Killed a two-headed ogre
 12971 | D:10     | Found a staircase to the Lair.
 12971 | D:10     | Noticed a two-headed ogre
 13000 | D:10     | Reached skill level 10 in Spellcasting
 13015 | D:10     | Killed a two-headed ogre
 13015 | D:10     | Reached skill level 11 in Invocations
 13357 | D:10     | Noticed Fannar
 13485 | Lair:1   | Entered Level 1 of the Lair of Beasts
 13822 | Lair:1   | Reached *** piety under Makhleb
 13959 | D:11     | Noticed a harpy
 14130 | D:11     | Noticed a two-headed ogre
 14144 | D:11     | Killed a two-headed ogre
 14166 | D:11     | Found a large runed door.
 14166 | D:11     | Found a large runed door.
 14196 | D:11     | Reached skill level 12 in Invocations
 14196 | D:11     | Noticed an orb spider
 14206 | D:11     | Killed an orb spider
 14206 | D:11     | Reached XP level 12. HP: 81/89 MP: 1/28
 14238 | D:11     | Learned a level 5 spell: Summon Demon
 15157 | D:12     | Entered Level 12 of the Dungeon
 15808 | D:12     | Reached **** piety under Makhleb
 16294 | D:12     | Noticed a centaur warrior
 16319 | D:12     | Killed a centaur warrior
 16319 | D:12     | Reached skill level 13 in Invocations
 16391 | D:12     | Noticed a rakshasa
 16723 | D:11     | Noticed a two-headed ogre
 16740 | D:11     | Killed a two-headed ogre
 17019 | D:11     | Found a gate to the Vaults.
 17058 | D:11     | Found a large runed door.
 17060 | D:11     | Found a large runed door.
 17075 | D:11     | Noticed a frost giant
 17125 | Lair:1   | Reached skill level 5 in Armour
 18286 | Lair:2   | Found a staircase to the Shoals.
 18904 | Lair:2   | Found a staircase to the Snake Pit.
 19574 | Lair:3   | Mangled by a cane toad

Skill      XL: |  1  2  3  4  5  6  7  8  9 10 11 12 |
---------------+-------------------------------------+-----
Spellcasting   | 3 4 5 6 7 8 9 10 11 | 11.5
Armour         | 2 4 6 |  6.3
Fighting       | 3 |  3.1
Invocations    | 5 9 12 13 | 13.5
Dodging        | |  1.7
Stealth        | |  1.7

Action                   |  1- 3 |  4- 6 |  7- 9 | 10-12 || total
-------------------------+-------+-------+-------+-------++-------
Melee: Headbutt          |     3 |     5 |     7 |    43 ||    58
       Unarmed           |     1 |       |       |       ||     1
       Dagger            |    45 |    17 |    50 |   303 ||   415
       Bite              |     5 |     2 |     3 |    19 ||    29
       Long sword        |       |    15 |       |       ||    15
 Fire: Hunting sling     |       |     8 |    29 |     2 ||    39
Throw: Stone             |     8 |       |       |       ||     8
 Cast: Magic Dart        |    81 |   165 |   336 |   594 ||  1176
       Slow              |     3 |       |       |       ||     3
       Call Imp          |     2 |     1 |     2 |     2 ||     7
       Blink             |     1 |     2 |     1 |     3 ||     7
       Shackle           |       |    19 |    37 |    39 ||    95
       Mephitic Cloud    |       |     2 |    11 |    12 ||    25
       Olgreb's Toxic Ra |       |       |       |    56 ||    56
       Blink Other       |       |       |       |     3 ||     3
       Summon Demon      |       |       |       |    19 ||    19
       Conjure Flame     |       |       |       |     1 ||     1
Invok: Minor Destruction |       |       |       |     2 ||     2
Evoke: Wand              |       |       |       |     4 ||     4
  Use: Scroll            |       |     7 |     2 |    12 ||    21
       Potion            |       |     1 |       |     4 ||     5
 Stab: Sleeping          |       |       |     2 |     2 ||     4
       Distracted        |       |       |     1 |     1 ||     2
       Confused          |       |       |       |     4 ||     4
  Eat: Ration            |     1 |     2 |     4 |     8 ||    15
       Chunk             |       |     1 |     3 |     4 ||     8
Armor: Animal skin       |     8 |    15 |     1 |       ||    24
       Ring mail         |       |       |    34 |   290 ||   324
Dodge: Dodged            |    42 |    35 |    61 |   259 ||   397
       Deflected         |     1 |     3 |     8 |    26 ||    38
